 Dungeon Crawl Stone Soup version 0.23-a0-150-g7664ed7 (webtiles) character file.

72 EvilAliv3 the Skirmisher (level 4, -1/49 HPs)
             Began as an Ogre Abyssal Knight on Sept 6, 2018.
             Was a Follower of Lugonu.
             Killed from afar by an orc wizard (9 damage)
             ... with a magic dart
             ... on level 3 of the Dungeon.
             The game lasted 00:09:49 (1196 turns).

EvilAliv3 the Skirmisher (Ogre Abyssal Knight)      Turns: 1196, Time: 00:09:50

Health: -1/49      AC:  3    Str: 17    XL:     4   Next: 26%
Magic:  6/6        EV:  7    Int: 13    God:    Lugonu [*.....]
Gold:   115        SH:  6    Dex:  8    Spells: 3/3 levels left

rFire    . . .     SeeInvis .   a - +1 mace
rCold    . . .     Gourm    .   j - +0 shield
rNeg     . . .     Faith    .   b - +0 robe
rPois    .         Spirit   .   (helmet restricted)
rElec    .         Reflect  .   (no cloak)
rCorr    .         Harm     .   (gloves unavailable)
MR       .....                  (boots unavailable)
Stlth    +.........             (no amulet)
HPRegen  0.16/turn              (no ring)
MPRegen  0.10/turn              (no ring)

@: no status effects
A: large, unfitting armour, tough skin 1
a: Depart the Abyss, Renounce Religion


You were on level 3 of the Dungeon.
You worshipped Lugonu.
Lugonu was aware of your devotion.
You were not hungry.

You visited 1 branch of the dungeon, and saw 3 of its levels.
You visited the Abyss 1 time.

You collected 115 gold pieces.

Inventory:

Hand Weapons
 a - a +1 mace (weapon)
 m - a +0 long sword
Missiles
 e - 53 stones (quivered)
Armour
 b - a +0 robe (worn)
 j - a +0 shield (worn)
Scrolls
 d - a scroll of immolation {unknown}
 g - a scroll of teleportation {unknown}
 h - a scroll of enchant armour {unknown}
 o - a scroll of blinking {unknown}
Potions
 i - a potion of flight {unknown}
 k - a potion of degeneration {unknown}
 l - a potion of curing {unknown}
 n - a potion of brilliance {unknown}
Comestibles
 c - 6 rations
 f - 8 chunks of flesh


   Skills:
 + Level 4.8 Fighting
 * Level 3.1 Maces & Flails
 - Level 2.1 Dodging
 + Level 2.8 Invocations


You had 3 spell levels left.
You didn't know any spells.
Your spell library was empty.

Dungeon Overview and Level Annotations

Branches:
Dungeon (3/15)

Altars:

Annotations:
D:2 Natasha


Innate Abilities, Weirdness & Mutations

You are too large for most types of armour.
You have tough skin. (AC +1)


Message History

You barely miss the orc wizard.
The orc wizard is moderately wounded.
The orc wizard hits you with a dagger. x2
You closely miss the orc wizard.
The orc wizard is moderately wounded.
The orc wizard barely misses you. The orc wizard hits you with a dagger.
You hit the orc wizard but do no damage.
The orc wizard is moderately wounded.
The orc wizard hits you but does no damage.
The orc wizard casts a spell at you. The magic dart hits you!
You closely miss the orc wizard.
The orc wizard is moderately wounded.
You block the orc wizard's attack.
The orc wizard gestures at you while chanting.
The magic dart hits you!
* * * LOW HITPOINT WARNING * * *
The orc wizard points at you and mumbles some strange words.
The magic dart hits you!
You die...

.o..........# #<#
..####....# #÷#
...###.## #.#
#.###.########.#
#..............#
..####.##############
............###
♣♣♣...♣♣♣...o.#######
#♣.♣ #♣..@.†.....# ♣.
♣.##.#####.# ♣ ♣.##.#
..#.#. ....# #. ♣♣..#
.. ♣. ## ♣


You could see an orc wizard.

Vanquished Creatures
  Jessica (D:2)
  An adder (D:3)
  An ooze (D:3)
  2 leopard geckos (D:2)
  2 orcs (D:3)
  A ball python (D:1)
  A giant cockroach (D:3)
  3 goblins
  3 hobgoblins (D:1)
  4 jackals
  5 bats
  3 frilled lizards
  A kobold (D:1)
  A rat (D:2)
29 creatures vanquished.

Notes
Turn   | Place    | Note
-------+----------+-------------------------------------------
     0 | Abyss:1  | EvilAliv3 the Ogre Abyssal Knight began the quest for the
                  | Orb.
     0 | Abyss:1  | Reached XP level 1. HP: 24/24 MP: 2/2
     3 | Abyss:1  | Found a corrupted altar of Lugonu.
    33 | Abyss:1  | Noticed a spatial maelstrom
    35 | Abyss:1  | Noticed a spatial vortex
    36 | Abyss:1  | Noticed a spatial vortex
    37 | Abyss:1  | Noticed a spatial vortex
    45 | Abyss:2  | Found a corrupted altar of Lugonu.
    58 | Abyss:2  | Noticed a large abomination
    77 | Abyss:3  | Found a roughly hewn altar of Beogh.
    96 | Abyss:3  | Noticed a tormentor
   100 | Abyss:3  | Noticed a neqoxec
   100 | D:1      | Escaped the Abyss
   318 | D:1      | Reached * piety under Lugonu
   456 | D:1      | Reached XP level 2. HP: 32/32 MP: 3/3
   834 | D:2      | Noticed Jessica
   858 | D:2      | Killed Jessica
   858 | D:2      | Reached XP level 3. HP: 37/40 MP: 3/5
  1015 | D:2      | Noticed Natasha
  1028 | D:3      | Reached XP level 4. HP: 38/49 MP: 6/6
  1196 | D:3      | Killed from afar by an orc wizard

Vault maps used:
D:1:      dpeg_arrival_rhombi
D:2:      lemuel_round_altar, grunt_temple_overflow_diamond, uniq_natasha,
          uniq_jessica
D:3:      minmay_stone_trees_medium, skrybe_limestone_x, nrook_mini_vaults
Abyss:3:  evilmike_abyss_exit_12, bh_abyss_negative

Skill      XL: |  1  2  3 |
---------------+----------+-----
Maces & Flails | 2 3 |  3.1
Fighting       | |  4.8
Dodging        | |  2.1
Invocations    | |  2.8

Action                   |  1- 3 |  4- 6 || total
-------------------------+-------+-------++-------
Melee: Mace              |    77 |    24 ||   101
Invok: Depart the Abyss  |     1 |       ||     1
  Eat: Chunk             |       |     1 ||     1
Armor: Robe              |    28 |     4 ||    32
Dodge: Dodged            |    39 |     4 ||    43
Block: Shield            |    17 |     6 ||    23

Table legend:
 A = Non-vault XP
 B = Vault XP
 C = Vault XP percentage of total XP
 D = Non-vault monster count
 E = Vault monster count
 F = Vault count percentage of total count
                 A         B        C        D         E       F
            +---------+---------+-------+---------+---------+-------
      Total |      67 |      37 |  35.6 |      28 |       1 |   3.4
            +---------+---------+-------+---------+---------+-------
        D:1 |      18 |       0 |   0.0 |      10 |       0 |   0.0
        D:2 |      19 |      37 |  66.1 |      12 |       1 |   7.7
        D:3 |      30 |       0 |   0.0 |       6 |       0 |   0.0
            +---------+---------+-------+---------+---------+-------
